 Dungeon Crawl Stone Soup version 0.21.1-1-g345015f (webtiles) character file.

9137 GoodBoy the Covert (level 11, -6/58 HPs)
             Began as a Vine Stalker Assassin on Mar 25, 2018.
             Was a Follower of Uskayaw.
             Killed by divine providence
             ... invoked by a meliai
              (10 damage)
             ... on level 10 of the Dungeon.
             The game lasted 00:47:37 (11527 turns).

GoodBoy the Covert (Vine Stalker Assassin)         Turns: 11527, Time: 00:47:38

Health: -6/58      AC: 15    Str: 14    XL:     11   Next: 41%
Magic:  0/17       EV: 13    Int: 11    God:    Uskayaw [*.....]
Gold:   685        SH:  0    Dex: 23    Spells: 13/16 levels left

rFire    . . .     SeeInvis .   a - +2 dagger (elec)
rCold    . . .     Gourm    .   (no shield)
rNeg     + . .     Faith    .   y - +3 leather armour {rN+}
rPois    +         Spirit   +   S - +2 helmet
rElec    .         Reflect  .   d - +2 cloak
rCorr    .         Harm     .   (no gloves)
MR       +....                  k - +2 pair of boots
Stlth    ++++++....             (no amulet)
HPRegen  0.59/turn              O - ring of poison resistance
MPRegen  0.15/turn              f - ring of Penkel {Wiz Dex+4 Stlth+}

@: very slightly contaminated
A: fangs 3, regeneration 1, magic shield, antimagic bite, no potion heal 3, rot
immunity
a: Stomp, Renounce Religion


You were on level 10 of the Dungeon.
You worshipped Uskayaw.
Uskayaw was noncommittal.
You were not hungry.

You visited 2 branches of the dungeon, and saw 13 of its levels.
You also visited: Labyrinth.

You collected 685 gold pieces.

Inventory:

Hand Weapons
 a - a +2 dagger of electrocution (weapon)
 b - a +1 blowgun
 c - the +1 dagger of Dishonesty {freeze, *Rage rElec MR++ Dex+2}
   (You found it on level 10 of the Dungeon)

   It has been specially enchanted to freeze those struck by it, causing extra
   injury to most foes and up to half again as much damage against particularly
   susceptible opponents.
   It can also slow down cold-blooded creatures.
   It affects your dexterity (+2).
   It insulates you from electricity.
   It affects your resistance to hostile enchantments.
   It may make you go berserk in combat.
 x - a +2 dagger
 J - the +7 scimitar of Pride {slice, -Tele +Rage rN++ MR+, unknown}
   (You found it in a labyrinth)

   It inflicts extra damage upon your enemies.
   It greatly protects you from negative energy.
   It affects your resistance to hostile enchantments.
   It lets you go berserk.
   It prevents most forms of teleportation.
 Q - a +0 dagger of freezing
Missiles
 e - 70 poisoned needles
 m - 382 stones (quivered)
 p - 158 arrows
 q - 68 sling bullets
 t - 72 bolts
 L - a throwing net
 P - 2 tomahawks
 V - a curare-tipped needle
Armour
 d - a +2 cloak (worn)
 k - a +2 pair of boots (worn)
 y - a +3 leather armour of positive energy (worn)
 I - the +0 leather armour of Tenacity {rPois rC+}
   (You found it on level 8 of the Dungeon)

   It protects you from cold.
   It protects you from poison.
 S - a +2 helmet (worn)
Jewellery
 f - the ring of Penkel (right hand) {Wiz Dex+4 Stlth+}
   (You took it off a minotaur in a labyrinth)

   [ring of wizardry]

   It improves your spell success rate.
   It affects your dexterity (+4).
   It makes you more stealthy.
 z - a +3 ring of protection
 A - an uncursed ring of protection from fire
 O - a ring of poison resistance (left hand)
 T - an uncursed ring of fire
 Z - an uncursed ring of stealth
Wands
 h - a wand of iceblast (7)
 s - a wand of random effects (23)
 C - a wand of enslavement (9)
 D - a wand of polymorph (14)
 N - a wand of digging (7)
Scrolls
 i - 2 scrolls of enchant armour
 j - 6 scrolls of remove curse
 o - 2 scrolls of immolation
 F - a scroll of blinking
 K - 2 scrolls of teleportation
 M - a scroll of fear
 U - a scroll of magic mapping
Potions
 l - 2 potions of haste {unknown}
 n - 2 potions of brilliance
 r - 3 potions of agility
 v - 4 potions of curing
 B - a potion of lignification {unknown}
 E - a potion of berserk rage {unknown}
 H - a potion of flight {unknown}
Books
 w - a book of Misfortune

   Spells                             Type                      Level
   a - Confusing Touch                Hexes                        1
   b - Confuse                        Hexes                        3
   c - Gell's Gravitas                Translocation                3
   d - Petrify                        Transmutation/Earth          4
   e - Metabolic Englaciation         Hexes/Ice                    5
   f - Yara's Violent Unravelling     Hexes/Transmutation          5
 G - a book of Flames

   Spells                             Type                      Level
   a - Flame Tongue                   Conjuration/Fire             1
   b - Throw Flame                    Conjuration/Fire             2
   c - Conjure Flame                  Conjuration/Fire             3
   d - Inner Flame                    Hexes/Fire                   3
   e - Sticky Flame                   Conjuration/Fire             4
   f - Fireball                       Conjuration/Fire             5
 R - a Young Poisoner's Handbook

   Spells                             Type                      Level
   a - Sting                          Conjuration/Poison           1
   b - Poisonous Vapours              Poison/Air                   2
   c - Mephitic Cloud                 Conjuration/Poison/Air       3
   d - Olgreb's Toxic Radiance        Poison                       4
   e - Venom Bolt                     Conjuration/Poison           5
 W - a book of Frost

   Spells                             Type                      Level
   a - Freeze                         Ice                          1
   b - Throw Frost                    Conjuration/Ice              2
   c - Ozocubu's Armour               Charms/Ice                   3
   d - Throw Icicle                   Conjuration/Ice              4
   e - Summon Ice Beast               Ice/Summoning                4
 X - a book of Beasts

   Spells                             Type                      Level
   a - Summon Butterflies             Summoning                    1
   b - Call Canine Familiar           Summoning                    3
   c - Summon Ice Beast               Ice/Summoning                4
   d - Summon Mana Viper              Hexes/Summoning              5
   e - Summon Hydra                   Summoning                    7
 Y - a book of the Sky

   Spells                             Type                      Level
   a - Summon Lightning Spire         Summoning/Air                4
   b - Silence                        Hexes/Air                    5
   c - Deflect Missiles               Charms/Air                   6
   d - Conjure Ball Lightning         Conjuration/Air              6
   e - Tornado                        Air                          9
Miscellaneous
 u - a fan of gales
Comestibles
 g - 25 rations


   Skills:
 + Level 7.0 Fighting
 + Level 6.9 Short Blades
 + Level 6.8 Throwing
 - Level 2.0 Armour
 - Level 2.0 Dodging
 + Level 10.7 Stealth
 - Level 3.0 Spellcasting
 - Level 3.0 Hexes
 * Level 7.5 Invocations


You had 13 spell levels left.
You knew the following spells:

 Your Spells              Type           Power        Failure   Level  Hunger
a - Confuse               Hex            #.......     12%         3    ###....


Dungeon Overview and Level Annotations

Branches:
Dungeon (12/15)            Temple (1/1) D:7            Lair (0/6) D:9
    Orc (0/2) D:12

Altars:
Ashenzari
Cheibriados
Dithmenos
Elyvilon
Fedhas
Gozag
Hepliaklqana
Kikubaaqudgha
Makhleb
Nemelex Xobeh
Okawaru
Qazlal
Ru
Uskayaw
Vehumet
Wu Jian
Xom
Yredelemnul


Innate Abilities, Weirdness & Mutations

You have razor-sharp teeth.
Your natural rate of healing is unusually fast.
When hurt, damage is shared between your health and your magic reserves.
Your bite disrupts and absorbs the magic of your enemies.
Potions cannot restore your health.
You are immune to rotting.


Message History

Something smites you!
* * * LOW HITPOINT WARNING * * *
Your system rejects the healing.
You feel better.
The meliai calls upon its god to heal the meliai.
The meliai is healed somewhat.
The meliai misses you. The meliai stings you.
* * * LOW HITPOINT WARNING * * *
The meliai hits you with a hand axe!
* * * LOW HITPOINT WARNING * * *
The meliai stings you but does no damage.
The meliai hits you with a hand axe.
* * * LOW HITPOINT WARNING * * *
The meliai stings you but does no damage.
Unknown command.
Blink to where?
Press: ? - help, Dir - move target cursor You are very lightly contaminated with residual magic.
As you read the scroll of blinking, it crumbles to dust.
The meliai mumbles some strange prayers to its god against you.
Something smites you!
You die...

#...#.....#....#....#...'
#...#.....#....#....#...#
#...#.....#....##'###...#
####...#.....#...ยง........[#
#......#.....#..y.y.........
#......#.....'..............
#......##'####..............
#...........................
#..........@................
#.........####..............
#.........#..#........####+#
#.........#..#........#....#
#..#'#'####..#........#....#
#..#.........#........#....'
#..#.........'........#....#
#<.#.........#........######
#..#.........#..............


You could see 2 meliai.

Vanquished Creatures
  A minotaur (Lab)
  2 two-headed ogres
  Pikel (D:6)
  A cyclops (D:11)
  A troll (D:10)
  A merfolk (D:9)
  A hippogriff (D:7)
  Prince Ribbit (D:8)
  3 wyverns
  4 yaks (D:10)
  4 hungry ghosts (Lab)
  An ice beast (D:10)
  4 orc warriors
  A phantom (D:8)
  2 black bears (D:8)
  5 ogres
  A necrophage (D:9)
  2 centaurs
  A crocodile (D:10)
  A big kobold (D:11)
  5 bullfrogs
  A wyvern skeleton (D:6)
  2 scorpions (D:7)
  6 wights
  4 howler monkeys
  4 crimson imps
  A quasit (D:8)
  2 jellies
  6 orc priests
  Crazy Yiuf (D:3)
  2 bullfrog skeletons
  4 hounds
  2 centaur skeletons
  Ijyb (D:4)
  3 iguanas
  11 orc wizards
  7 worker ants
  A killer bee zombie (D:8)
  A worker ant zombie (D:8)
  3 gnolls (D:11)
  6 adders
  A shadow imp (D:5)
  3 oozes
  4 adder skeletons
  2 worms
  2 dart slugs
  7 leopard geckos
  44 orcs
  5 bats
  7 giant cockroaches
  2 goblins
  6 hobgoblins
  2 jackals (D:2)
  13 kobolds
  7 quokkas
  5 ball pythons
  4 frilled lizards
  8 rats
  A fungus (D:3)
234 creatures vanquished.

Vanquished Creatures (others)
  A troll (D:9)
  2 slaves
  A jelly (D:7)
  An orc (D:6)
  4 toadstools (D:1)
9 creatures vanquished.

Grand Total: 243 creatures vanquished

Notes
Turn   | Place    | Note
-------+----------+-------------------------------------------
     0 | D:1      | GoodBoy the Vine Stalker Assassin began the quest for the Orb.
     0 | D:1      | Reached XP level 1. HP: 11/11 MP: 2/2
   160 | D:1      | Reached skill level 1 in Dodging
   160 | D:1      | Reached XP level 2. HP: 15/15 MP: 3/3
   169 | D:1      | Reached skill level 5 in Stealth
   324 | D:1      | Reached XP level 3. HP: 15/18 MP: 4/4
   984 | D:2      | Gained mutation: Your natural rate of healing is unusually fast. [Vine Stalker growth]
   984 | D:2      | Reached XP level 4. HP: 23/23 MP: 3/5
  1912 | D:3      | Found a shattered altar of Ashenzari.
  2582 | D:3      | Reached XP level 5. HP: 21/27 MP: 3/6
  2906 | D:3      | Found a runed door.
  2911 | D:3      | Noticed Crazy Yiuf
  2921 | D:3      | Killed Crazy Yiuf
  3097 | D:5      | Entered Level 5 of the Dungeon
  3189 | D:4      | Reached XP level 6. HP: 24/32 MP: 7/7
  3199 | D:4      | Reached skill level 6 in Stealth
  3527 | D:4      | Found a radiant altar of Vehumet.
  3532 | D:4      | Found a shadowy altar of Dithmenos.
  3550 | D:4      | Found a shimmering altar of Xom.
  3555 | D:4      | Found an ancient bone altar of Kikubaaqudgha.
  3598 | D:4      | Noticed Ijyb
  3600 | D:4      | Paralysed by Ijyb for 6 turns
  3614 | D:4      | Paralysed by Ijyb for 7 turns
  3628 | D:4      | Paralysed by Ijyb for 3 turns
  3678 | D:4      | Killed Ijyb
  4275 | D:5      | Learned a level 3 spell: Confuse
  4291 | D:5      | Found a snail-covered altar of Cheibriados.
  4293 | D:5      | Found a stormy altar of Qazlal.
  4393 | D:5      | Reached XP level 7. HP: 36/36 MP: 8/8
  4803 | D:5      | Found an iron altar of Okawaru.
  4930 | D:6      | Reached skill level 1 in Hexes
  5283 | D:6      | Reached skill level 7 in Stealth
  5462 | D:6      | Found an ornate altar of the Wu Jian Council.
  5523 | D:6      | Found a sacrificial altar of Ru.
  5581 | D:6      | Gained mutation: You have razor-sharp teeth. [Vine Stalker growth]
  5581 | D:6      | Reached XP level 8. HP: 42/42 MP: 9/9
  5615 | D:7      | Noticed Pikel
  5615 | D:7      | Noticed a hippogriff
  5634 | D:6      | Killed Pikel
  5634 | D:6      | Reached skill level 1 in Spellcasting
  5852 | D:6      | Reached skill level 8 in Stealth
  5907 | D:7      | Killed a hippogriff
  5907 | D:7      | Reached XP level 9. HP: 26/46 MP: 10/13
  6063 | D:7      | Found a staircase to the Ecumenical Temple.
  6074 | D:7      | Reached skill level 5 in Fighting
  6084 | Temple   | Entered the Ecumenical Temple
  6103 | Temple   | Became a worshipper of Uskayaw the Reveler
  6136 | D:7      | Found a sparkling altar of Nemelex Xobeh.
  6155 | D:7      | Reached * piety under Uskayaw
  6164 | D:7      | Got a slimy quarterstaff
  6376 | D:7      | Reached skill level 5 in Throwing
  6376 | D:7      | Reached skill level 1 in Invocations
  6376 | D:7      | Reached ** piety under Uskayaw
  6385 | D:7      | Reached *** piety under Uskayaw
  6469 | D:7      | Found a hazy altar of Hepliaklqana.
  6502 | D:8      | Noticed a two-headed ogre
  6515 | D:7      | Reached skill level 5 in Short Blades
  6642 | D:8      | Noticed Prince Ribbit
  6660 | D:8      | Killed Prince Ribbit
  7173 | D:8      | Killed a two-headed ogre
  7173 | D:8      | Reached skill level 9 in Stealth
  7345 | D:7      | Reached XP level 10. HP: 14/53 MP: 11/15
  7481 | D:8      | Found an opulent altar of Gozag.
  7745 | D:8      | Identified the cursed +1 quarterstaff of Gehenna {vamp, -Tele *Corrode rC+ Int+8} (You found it on level 7 of the Dungeon)
  8256 | D:8      | Got a bloodstained leather armour
  8274 | D:8      | Identified the +0 leather armour of Tenacity {rPois rC+} (You found it on level 8 of the Dungeon)
  8522 | D:9      | Found a staircase to the Lair.
  8631 | D:9      | Reached skill level 5 in Invocations
  8885 | D:9      | Noticed a two-headed ogre
  8922 | D:9      | Killed a two-headed ogre
  9119 | D:10     | Entered Level 10 of the Dungeon
  9413 | D:9      | Reached skill level 10 in Stealth
 10021 | D:10     | Reached skill level 1 in Armour
 10233 | D:10     | Reached XP level 11. HP: 58/58 MP: 16/16
 10424 | D:10     | Reached **** piety under Uskayaw
 10712 | D:10     | Got an encrusted dagger
 10713 | D:10     | Identified the cursed +1 dagger of Dishonesty {freeze, *Rage rElec MR++ Dex+2} (You found it on level 10 of the Dungeon)
 10845 | D:12     | Found a labyrinth entrance.
 10854 | Lab      | Entered a labyrinth
 10911 | Lab      | Reached ***** piety under Uskayaw
 10967 | Lab      | Noticed a minotaur
 11013 | Lab      | Killed a minotaur
 11019 | Lab      | Got a scintillating silver ring
 11072 | Lab      | Got a jewelled scimitar
 11088 | Lab      | Identified the ring of Penkel {Wiz Dex+4 Stlth+} (You took it off a minotaur in a labyrinth)
 11326 | D:11     | Noticed a cyclops
 11422 | D:11     | Killed a cyclops
 11527 | D:10     | Killed from afar by a meliai

Skill      XL: |  1  2  3  4  5  6  7  8  9 10 11 |
---------------+----------------------------------+-----
Dodging        | 1 2 |  2.0
Stealth        | 5 6 7 8 9 10 | 10.7
Fighting       | 2 3 4 5 6 7 |  7.0
Short Blades   | 2 3 4 5 6 |  6.9
Throwing       | 2 3 4 5 6 |  6.8
Hexes          | 2 3 |  3.0
Spellcasting   | 2 3 |  3.0
Invocations    | 4 6 7 |  7.5
Armour         | 1 2 |  2.0

Action                   |  1- 3 |  4- 6 |  7- 9 | 10-12 || total
-------------------------+-------+-------+-------+-------++-------
Melee: Dagger            |    79 |   261 |   334 |   330 ||  1004
       Bite              |    22 |    80 |   129 |   113 ||   344
 Fire: Blowgun           |       |    29 |    43 |    55 ||   127
Throw: Stone             |     7 |    17 |    19 |    32 ||    75
Invok: Stomp             |       |       |       |     2 ||     2
Evoke: Wand              |       |       |       |     2 ||     2
  Use: Scroll            |       |     3 |     9 |    16 ||    28
       Potion            |       |       |       |     1 ||     1
 Stab: Sleeping          |    10 |    10 |    13 |    22 ||    55
       Paralysed         |       |       |     1 |     5 ||     6
  Eat: Chunk             |       |    11 |    10 |    15 ||    36
Armor: Robe              |    14 |    12 |       |       ||    26
       Leather armour    |       |    63 |    94 |    75 ||   232
Dodge: Dodged            |    44 |   112 |   179 |   142 ||   477
